 Dungeon Crawl Stone Soup version 0.19-a0-1445-ge808afc (webtiles) character file.

235 PurpleRed the Conjurer (level 5, 0/42 HPs)
             Began as a Deep Elf Conjurer on Sept 5, 2016.
             Slain by a scorpion (4 damage)
             ... in an ossuary.
             The game lasted 00:08:55 (1102 turns).

PurpleRed the Conjurer (Deep Elf Conjurer)          Turns: 1102, Time: 00:08:55

Health: 0/42       AC: 22    Str:  5    XL:     5   Next: 76%
Magic:  1/14       EV:  2    Int: 21    God:
Gold:   42         SH:  0    Dex: 15    Spells: 2 memorised, 11 levels left

rFire  + . .     SeeInvis .     i - -3 dagger (curse)
rCold  + . .     Gourm    .     (armour currently unavailable)
rNeg   + + +     Faith    .     (no shield)
rPois  +         Spirit   .     (helmet currently unavailable)
rElec  +         Dismiss  .     (cloak currently unavailable)
rCorr  +         Reflect  .     (gloves currently unavailable)
MR     .....     Harm     .     (boots currently unavailable)
Stlth  ++++...... NoTele   +    (no amulet)
                                (no ring)
                                r - ring of stealth

@: tree-form, resistant, very slightly contaminated
A: no striking features
a: no special abilities


You were in an ossuary.
You were not hungry.
You were a tree.
You visited 2 branches of the dungeon, and saw 6 of its levels.
You also visited: Ossuary.

You collected 42 gold pieces.

Inventory:

Hand Weapons
 f - a +0 club
 i - a cursed -3 dagger (weapon)
Missiles
 m - 3 javelins (quivered)
Armour
 a - a +0 robe (melded)
 n - a +0 pair of gloves (melded)
Jewellery
 r - a ring of stealth (left branch)
Scrolls
 e - a scroll of identify
 g - 2 scrolls of remove curse {unknown}
 j - 2 scrolls of fog {unknown}
 k - 2 scrolls of random uselessness {unknown}
 o - a scroll of enchant armour {unknown}
 p - 2 scrolls of immolation
 t - 2 scrolls of magic mapping {unknown}
 u - a scroll of teleportation {unknown}
Books
 b - a book of Conjurations

   Spells                             Type                      Level
   a - Magic Dart                     Conjuration                  1
   b - Searing Ray                    Conjuration                  2
   c - Dazzling Spray                 Conjuration/Hexes            3
   d - Fulminant Prism                Conjuration/Hexes            4
   e - Iskenderun's Mystic Blast      Conjuration                  4
   f - Iskenderun's Battlesphere      Conjuration/Charms           5
Comestibles
 c - 3 bread rations
 d - a meat ration
 s - a beef jerky


   Skills:
 - Level 2.4 Dodging
 - Level 2.4 Stealth
 + Level 5.3 Spellcasting
 * Level 6.8 Conjurations


You had 11 spell levels left.
You knew the following spells:

 Your Spells              Type           Power        Failure   Level  Hunger
a - Magic Dart            Conj           ####         1%          1    None
b - Searing Ray           Conj           ####..       1%          2    None


Dungeon Overview and Level Annotations

Branches:
Dungeon (5/15)             Temple (1/1) D:5

Altars:
Ashenzari
Cheibriados
Dithmenos
Elyvilon
Hepliaklqana
Nemelex Xobeh
Okawaru
Qazlal
Ru
Trog
Xom
Zin

Annotations:
D:4 Edmund


Message History

The scorpion stings you.
* * * LOW HITPOINT WARNING * * *
Casting: Magic Dart
Confirm with . or Enter, or press ? or * to list all spells.
Aiming: Magic Dart
Press: ? - help, Shift-Dir - straight line, f/p - scorpion
Aim: a scorpion (severely wounded)
You miscast Magic Dart.
You are very lightly contaminated with residual magic.
The air around you crackles with energy!
The scorpion stings you but does no damage.
Throwing (i - inventory):
m - 4 javelins (quivered)
Press: ? - help, Shift-Dir - straight line, f/p - scorpion
Aim: a scorpion (severely wounded)
You throw a javelin.
The javelin closely misses the scorpion.
The javelin hits the scorpion zombie but does no damage.
The scorpion zombie is moderately damaged.
The scorpion stings you.
You die...

#...#...#
#...8...#
#.......#
##8...8##
#.......#
#...8...#
#.Z.#...#
##s######
#.♣.#...#
#.∩.'.∩.#
#...#...#
#########


You could see a scorpion and a scorpion zombie.

Vanquished Creatures
  A scorpion (Ossuary)
  A centaur zombie (Ossuary)
  An iguana (D:4)
  2 worker ants (D:4)
  4 adders
  A scorpion zombie (Ossuary)
  A dart slug (D:4)
  A giant gecko (D:3)
  2 orcs
  2 giant cockroaches (D:2)
  A gnoll zombie (Ossuary)
  4 goblins
  2 hobgoblins (D:2)
  4 jackals (D:4)
  2 quokkas (D:3)
  3 bats
  A giant gecko skeleton (D:4)
  A hobgoblin zombie (Ossuary)
  A jackal skeleton (D:4)
  A kobold (D:3)
  An orc zombie (Ossuary)
  2 rats
39 creatures vanquished.

Notes
Turn   | Place    | Note
-------+----------+-------------------------------------------
     0 | D:1      | PurpleRed the Deep Elf Conjurer began the quest for the Orb.
     0 | D:1      | Reached XP level 1. HP: 10/10 MP: 6/6
   130 | D:2      | Reached XP level 2. HP: 8/15 MP: 0/8
   136 | D:2      | Learned a level 2 spell: Searing Ray
   162 | D:2      | Found a hazy altar of Hepliaklqana.
   211 | D:3      | Found an iron altar of Okawaru.
   266 | D:3      | Reached skill level 5 in Conjurations
   434 | D:2      | Reached XP level 3. HP: 14/19 MP: 7/10
   498 | D:3      | Found a sparkling altar of Nemelex Xobeh.
   539 | D:4      | Noticed a phantom
   700 | D:4      | Reached XP level 4. HP: 20/24 MP: 7/12
   748 | D:4      | Reached skill level 6 in Conjurations
   788 | D:4      | Noticed Edmund
   819 | D:4      | Reached XP level 5. HP: 13/28 MP: 3/14
   880 | D:5      | Entered Level 5 of the Dungeon
   880 | D:5      | Found a staircase to the Ecumenical Temple.
   881 | D:5      | Found a sand-covered staircase.
   888 | Temple   | Entered the Ecumenical Temple
  1001 | Ossuary  | Entered an ossuary
  1021 | Ossuary  | Reached skill level 5 in Spellcasting
  1102 | Ossuary  | Slain by a scorpion

Vault maps used:
D:1:      minmay_arrival_arboretum_small, xom_teletrap_fun
D:2:      old_standard_altar, lemuel_crystal_altar
D:3:      okawaru_metal_pillars_1_2, nemelex_altar_shiori, led_sif_pool
D:4:      first_bread, kennysheep_generic_room_9, uniq_edmund
D:5:      corexii_shantytown, gammafunk_temple_overflow_wave, enter_ossuary_1
Temple:   jpeg_temple_island
Ossuary:  ossuary_minmay_scorpions

Skill      XL: |  1  2  3  4  5 |
---------------+----------------+-----
Conjurations   | 5 6 |  6.8
Spellcasting   | 4 5 |  5.3
Dodging        | |  2.4
Stealth        | |  2.4

Action                   |  1- 3 |  4- 6 || total
-------------------------+-------+-------++-------
Melee: Club              |    10 |       ||    10
       Dagger            |     2 |    15 ||    17
Throw: Javelin           |       |     8 ||     8
 Cast: Magic Dart        |    34 |     8 ||    42
       Searing Ray       |     4 |     9 ||    13
  Use: Potion            |     1 |     4 ||     5
       Scroll            |       |     2 ||     2
  Eat: Pizza             |       |     1 ||     1
Armor: Robe              |     7 |     7 ||    14
       Skin              |       |     4 ||     4
Dodge: Dodged            |    22 |    37 ||    59
